AoeStats
← Skerlitz

Arena

509975409Analyzed
3v3 RM · 4d ago on Sep 28, 2026· 58m 28s· 6 players
Game mode
Random Map
Map size
Normal (6 player)
Population
200
Speed
Normal
Resources
Standard
Victory
Conquest
Starting age
Dark Age
Ending age
Imperial Age
RankedLock teamsTeams togetherTeam positionsShared explorationLock speedFull tech treeHidden civsTurbo modeCheats
Victory
Defeat
🇳🇱 Danes · Netherlands
1103
+12
🇵🇱 Saxons · Poland
1011
+15
🇵🇰 Hindustanis · Pakistan
910
+19
🇫🇷 Spanish · France
1041
-17
🇩🇿 Bohemians · Algeria
1003
-16
🇩🇿 Aztecs · Algeria
943
-13
Obi_Wan_Kenobi
8:35 Loom
10:58 Feudal Age
13:01 Double-Bit Axe
12:57 Horse Collar
15:01 Wheelbarrow
18:00 Castle Age
16:26 Stone Mining
24:11 Gold Mining
25:12 Bow Saw
30:21 Imperial Age
29:39 Hand Cart
28:56 Man-at-Arms
29:21 Gambesons
29:48 Long Swordsman
31:04 Two-Handed Swordsman
32:43 Ballistics
33:22 Conscription
33:20 Heavy Plow
33:18 Champion
35:21 Scale Mail Armor
35:32 Forging
37:08 Chemistry
36:30 Town Watch
37:29 Chain Mail Armor
37:50 Iron Casting
37:16 Padded Archer Armor
37:25 Pikeman
40:50 Blast Furnace
40:13 Halberdier
44:24 Plate Mail Armor
49:25 Light Cavalry
51:20 Bloodlines
Skerlitz
10:15 Loom
12:01 Feudal Age
15:17 Double-Bit Axe
21:10 Wheelbarrow
22:44 Castle Age
21:09 Forging
21:39 Scale Mail Armor
29:57 Imperial Age
28:04 Hand Cart
30:16 Bow Saw
32:48 Conscription
35:19 Eagle Warrior
37:43 Elite Eagle Warrior
38:31 Man-at-Arms
38:58 Arson
39:54 Iron Casting
39:35 Chain Mail Armor
39:09 Pikeman
39:49 Squires
40:31 Long Swordsman
40:58 Gambesons
42:35 Blast Furnace
42:06 Plate Mail Armor
41:35 Two-Handed Swordsman
42:35 Champion
43:18 Horse Collar
44:29 Town Watch
45:12 Herbal Medicine
50:16 Heavy Plow
50:19 Town Patrol
joe_ten
11:51 Feudal Age
17:18 Castle Age
15:24 Double-Bit Axe
18:01 Fletching
21:04 Fervor
22:26 Bow Saw
23:21 Fletching
24:52 Bodkin Arrow
31:22 Imperial Age
28:51 Horse Collar
35:04 Imperial Age
33:37 Chemistry
35:50 Ballistics
36:30 Conscription
37:36 Padded Archer Armor
37:56 Elite Hussite Wagon
39:34 Wheelbarrow
39:38 Wagenburg Tactics
40:51 Bracer
42:19 Leather Archer Armor
Medina90
11:48 Feudal Age
15:29 Castle Age
14:14 Double-Bit Axe
17:17 Bow Saw
16:53 Horse Collar
18:34 Wheelbarrow
22:20 Scale Mail Armor
27:34 Hand Cart
27:34 Bow Saw
27:38 Heavy Plow
28:05 Forging
28:15 Chain Mail Armor
28:12 Forging
34:57 Imperial Age
33:34 Gold Mining
33:35 Stone Mining
34:52 Iron Casting
35:06 Onager
36:58 Siege Onager
37:20 Elite Varangian Guard
38:01 Squires
37:47 Arson
40:12 Gold Shaft Mining
40:12 Stone Shaft Mining
39:37 Capped Ram
43:41 Elite Jomsviking
48:46 Loom
51:12 Plate Mail Armor
51:42 Blast Furnace
50:06 Pikeman
51:55 Halberdier
58:00 Spies/Treason
KoryT
10:51 Feudal Age
10:35 Loom
15:05 Castle Age
13:02 Double-Bit Axe
13:01 Horse Collar
16:41 Stone Mining
17:31 Bow Saw
21:53 Fletching
23:09 Wheelbarrow
24:42 Fortified Wall
24:44 Masonry
24:50 Bodkin Arrow
26:08 Gold Mining
27:18 Scale Mail Armor
27:20 Murder Holes
28:57 Hand Cart
28:59 Heavy Plow
29:07 Squires
30:37 Chain Mail Armor
30:37 Forging
33:31 Imperial Age
31:34 Ballistics
31:53 Gold Shaft Mining
31:13 Town Watch
34:17 Iron Casting
34:41 Conscription
33:46 Elite Hearth Troop
34:51 Shield Wall
36:12 Hoardings
37:05 Two-Man Saw
36:37 Crop Rotation
36:10 Bracer
37:33 Hoardings
37:09 Siege Engineers
37:34 Architecture
38:16 Chemistry
38:41 Plate Mail Armor
38:02 Arson
39:05 Hoardings
38:16 Elite Varangian Guard
38:45 Gambesons
40:01 Pikeman
41:23 Halberdier
42:42 Padded Archer Armor
46:50 Man-at-Arms
51:06 Leather Archer Armor
50:34 Treadmill Crane
50:54 Long Swordsman
52:49 Two-Handed Swordsman
54:03 Champion
Wild Nût Buster
10:36 Feudal Age
17:25 Castle Age
16:46 Double-Bit Axe
16:53 Gold Mining
16:55 Stone Mining
16:52 Horse Collar
20:48 Bow Saw
22:04 Loom
27:38 Heavy Plow
30:45 Imperial Age
29:01 Scale Barding Armor
29:06 Forging
30:22 Chain Barding Armor
32:12 Plate Barding Armor
32:12 Iron Casting
32:12 Conscription
31:58 Grand Trunk Road
34:26 Heavy Camel Rider
35:18 Bloodlines
35:10 Squires
35:14 Husbandry
36:37 Imperial Camel Rider
38:34 Blast Furnace
40:44 Two-Man Saw
41:32 Wheelbarrow
Connection lost

Rejoining the realm…

Still unreachable

The connection could not be restored.

Session expired

The server has moved on; the page needs a fresh start.